 Dungeon Crawl Stone Soup version 0.16-a0-787-g31dbbe7 (console) character file.

18 Kellhus the Magician (level 2, 17/17 HPs)
             Began as an Octopode Wizard on Sept 27, 2014.
             Quit the game on Level 1 of the Dungeon.
             The game lasted 00:00:57 (663 turns).

Kellhus the Magician (Octopode Wizard)               Turns: 663, Time: 00:00:57

HP  17/17        AC  1     Str  6      XL: 2   Next: 66%
MP   6/6         EV 12     Int 20      God:
Gold 59          SH  0     Dex 10      Spells:  1 memorised,  6 levels left

rFire  . . .     SeeInvis .     (no weapon)
rCold  . . .     Clarity  +     (no shield)
rNeg   . . .     rCorr    .     b - +0 hat
rPois  .         rRot     .     p - amulet of clarity
rElec  .         Spirit   .     (no ring)
SustAb .         Warding  .     (no ring)
rMut   .         Stasis   .     (no ring)
Gourm  .                        (no ring)
MR     .....                    (no ring)
                                (no ring)
                                (no ring)
                                (no ring)

@: not resistant to hostile enchantments, fairly stealthy
A: almost no armour, amphibious, 8 rings, constrict 8, camouflage 1, gelatinous
body 1
a: no special abilities


You were on level 1 of the Dungeon.
You were not hungry.

You visited 1 branch of the dungeon, and saw 1 of its levels.

You collected 59 gold pieces.

Inventory:

Armour
 b - a +0 hat (worn)
Comestibles
 d - a bread ration
 f - a slice of pizza
 g - a royal jelly
 n - a chunk of rat flesh
 o - 2 meat rations
Scrolls
 a - a scroll of recharging {unknown}
 h - 2 scrolls of enchant armour {unknown}
 j - a scroll of teleportation {unknown}
 k - a scroll of immolation {unknown}
 l - a scroll of identify {unknown}
 m - 3 scrolls of remove curse {unknown}
Jewellery
 p - an amulet of clarity (around mantle)
Potions
 e - a potion of lignification {unknown}
 i - a potion of haste {unknown}
Books
 c - a book of Minor Magic

   Spells                             Type                      Level
   *Magic Dart                        Conjuration                  1
   Blink                              Translocation                2
   Call Imp                           Summoning                    2
   Repel Missiles                     Charms/Air                   2
   Slow                               Hexes                        2
   Conjure Flame                      Conjuration/Fire             3
   Mephitic Cloud                     Conjuration/Poison/Air       3


   Skills:
 - Level 2.0 Dodging
 - Level 2.6 Stealth
 - Level 3.0 Spellcasting
 + Level 2.5 Conjurations
   Level 1.0 Summonings
   Level 1.0 Translocations


You had 6 spell levels left.
You knew the following spells:

 Your Spells              Type           Power        Failure   Level  Hunger
a - Magic Dart            Conj           ##..         6%          1    None


Dungeon Overview and Level Annotations

Branches:
Dungeon (1/15)

Altars:


Innate Abilities, Weirdness & Mutations

You cannot wear most types of armour.
You are amphibious.
You can wear up to eight rings at the same time.
You can use your tentacles to constrict many enemies at once.
Your skin changes colour to match your surroundings (Stealth).
Your rubbery body absorbs attacks (AC +1).


Message History

Press: ? - help, Shift-Dir - straight line, f/p - goblin
Aim: a goblin, wielding a club (heavily wounded)
The magic dart hits the goblin.
You kill the goblin!
Casting: Magic Dart
Confirm with . or Enter, or press ? or * to list all spells.
You can't see any susceptible monsters within range! (Use Z to cast anyway.)
You start butchering the rat corpse.
You continue butchering the corpse.
You continue butchering the corpse. x2
You finish butchering the rat corpse.
n - a chunk of rat flesh You now have 59 gold pieces (gained 18).
Magic restored.
o - a meat ration
p - a dented sapphire amulet
o - 2 meat rations (gained 1)
A rat comes into view.
Put on which piece of jewellery? (? for menu, Esc to quit)
p - an amulet of clarity (around mantle) Are you sure you want to abandon this character and quit the game? (Confirm with "yes".)

##.##........>..###.≈≈≈≈≈≈≈≈≈.###
##..............##...≈≈≈≈≈≈≈...##
......).........##...≈≈≈≈≈.....≈#
...>............##.≈..≈≈≈...≈≈.##
###.............##...#.....≈≈..##
##.%..........#.#.##.#...≈≈..##
## #..........#.#.#..#####.≈≈.###
.###.......##.#.####..#.##.≈.##..
.......######.#.@..###..###.###..
###.#).# #.......##..######.##
#.#..# ####......r.....####
#...####### #.............#
###...##..###.............#
###.................#...#####
##...^.....................
##................##...####.
#................####### #.


You could see a rat (wandering).

Vanquished Creatures
  5 goblins (D:1)
  A hobgoblin (D:1)
  5 bats (D:1)
  3 giant newts (D:1)
  3 kobolds (D:1)
  3 rats (D:1)
20 creatures vanquished.

Notes
Turn   | Place    | Note
--------------------------------------------------------------
     0 | D:1      | Kellhus, the Octopode Wizard, began the quest for the Orb.
     0 | D:1      | Reached XP level 1. HP: 11/11 MP: 4/4
   231 | D:1      | Reached XP level 2. HP: 17/17 MP: 4/6
   663 | D:1      | Quit the game

Action                   || total
-------------------------++-------
Melee: Unarmed           ||     3
 Cast: Magic Dart        ||    31
